Map: [ESL] Waterfall

Players

ForJumy

  • Race: Protoss Protoss
  • Spawn Location: 1:00

DnS - Winner!

  • Race: Protoss Protoss
  • Spawn Location: 7:00

Event: DreamHack SC2 Masters 2022 Atlanta (Online)

VOD

Have the link to the VOD?

Description

Time

  • Played on: Oct. 8, 2022, 2:07 p.m.
  • Length: 11:47

All games in this series

Show
View Real Time Build Order
Export as new Build Order

ForJumy Protoss 

Build Orders: Archon Immortal 

Get SALT Encoding   

  12  0:00  Probe  
  13  0:12  Probe  
  14  0:17  Pylon  
  14  0:24  Probe (Chrono Boost)  
  15  0:36  Probe (Chrono Boost)  
  15  0:39  Gateway  
  16  0:44  Probe (Chrono Boost)  
  16  0:46  Assimilator  
  17  0:51  Probe  
  17  0:55  Assimilator  
  18  1:03  Probe (Chrono Boost)  
  19  1:07  Pylon  
  19  1:14  Probe (Chrono Boost)  
  20  1:21  Probe (Chrono Boost)  
  21  1:25  Cybernetics Core  
  21  1:30  Zealot  
  23  1:34  Probe  
  24  1:46  Probe  
  25  1:53  Pylon  
  25  1:58  Probe  
  26  2:01  Stalker  
  26  2:02  Warp Gate  
  28  2:10  Probe  
  28  2:14  Pylon  
  29  2:25  Probe  
  30  2:37  Nexus  
  29  2:49  Probe  
  29  2:50  Gateway  
  30  3:00  Shield Battery  
  30  3:02  Stalker  
  32  3:06  Shield Battery  
  32  3:11  Probe  
  30  3:23  Probe  
  28  3:30  Twilight Council  
  28  3:35  Probe  
  29  3:48  Probe (Chrono Boost)  
  30  3:50  Stalker x2  
  30  3:51  Probe (Chrono Boost)  
  35  4:00  Probe (Chrono Boost)  
  37  4:03  Probe (Chrono Boost)  
  37  4:05  Probe (Chrono Boost)  
  37  4:08  Probe (Chrono Boost)  
  39  4:13  Stalker  
  39  4:16  Probe (Chrono Boost)  
  42  4:19  Probe (Chrono Boost)  
  42  4:21  Blink (Chrono Boost)  
  39  4:30  Probe (Chrono Boost)  
  41  4:32  Probe (Chrono Boost)  
  41  4:37  Probe (Chrono Boost)  
  43  4:39  Probe (Chrono Boost)  
  43  4:40  Sentry  
  43  4:42  Probe (Chrono Boost)  
  45  4:46  Sentry  
  45  4:47  Probe  
  48  4:54  Probe  
  48  4:59  Probe  
  50  5:05  Nexus  
  50  5:08  Probe  
  50  5:12  Stalker  
  53  5:16  Pylon  
  53  5:21  Probe  
  53  5:25  Gateway  
  54  5:32  Gateway  
  54  5:34  Shield Battery, Probe  
  55  5:37  Probe  
  55  5:41  Stalker  
  58  5:46  Probe  
  58  5:48  Shield Battery  
  58  5:49  Probe  
  60  5:53  Stalker  
  62  5:58  Assimilator  
  62  6:01  Pylon  
  62  6:06  Robotics Facility  
  62  6:14  Forge  
  62  6:17  Probe (Chrono Boost)  
  65  6:19  Stalker  
  65  6:23  Probe x2 (Chrono Boost), Stalker  
  69  6:27  Probe (Chrono Boost), Stalker  
  69  6:30  Probe (Chrono Boost)  
  69  6:32  Charge  
  73  6:34  Probe  
  73  6:36  Probe  
  75  6:41  Probe  
  75  6:43  Stalker  
  75  6:46  Probe  
  77  6:48  Probe  
  77  6:49  Protoss Ground Weapons Level 1 (Chrono Boost)  
  77  6:53  Probe  
  78  6:56  Gateway  
  78  7:00  Stalker x2  
  80  7:03  Probe  
  80  7:04  Observer  
  80  7:05  Probe x2  
  80  7:11  Stalker x2  
  82  7:24  Gateway  
  82  7:26  Gateway  
  82  7:28  Gateway, Probe  
  83  7:34  Pylon  
  83  7:36  Immortal (Chrono Boost)  
  85  7:48  Assimilator, Pylon  
  85  7:52  Probe x3  
  85  7:53  Pylon  
  85  7:55  Stalker x2, Assimilator  
  92  8:04  Probe  
  92  8:05  Observer  
  93  8:06  Probe  
  93  8:08  Templar Archives  
  93  8:09  Pylon  
  93  8:10  Immortal (Chrono Boost)  
  97  8:13  Probe  
  98  8:21  Probe  
  98  8:22  Pylon  
  98  8:24  Probe  
  98  8:26  Assimilator  
  100  8:27  Sentry x2  
  100  8:28  Probe, Pylon  
  106  8:34  Probe  
  106  8:36  Pylon  
  106  8:39  Immortal (Chrono Boost)  
  110  8:42  Probe  
  110  8:45  High Templar x2  
  117  8:49  Shield Battery, Protoss Ground Weapons Level 2 (Chrono Boost)  
  117  8:50  Archon  
  117  8:51  Pylon  
  114  9:04  Zealot x6  
  126  9:10  Immortal (Chrono Boost)  
  130  9:22  High Templar x2  
  134  9:27  Archon  
  134  9:29  Zealot x5  
  130  9:41  Zealot  
  130  9:43  Immortal (Chrono Boost), Photon Cannon  
  132  9:49  High Templar x2  
  132  9:51  Nexus  
  140  9:53  Archon  
  140  9:56  Pylon  
  140  10:02  Pylon  
  140  10:05  Photon Cannon  
  140  10:07  Pylon  
  140  10:11  Probe  
  140  10:12  Immortal (Chrono Boost)  
  141  10:17  High Templar  
  141  10:18  High Templar  
  148  10:23  Zealot x3, Archon  
  148  10:25  Zealot x2  
  140  10:38  Gateway  
  140  10:40  Gateway  
  140  10:41  Warp Prism (Chrono Boost), Stalker  
  142  10:52  Zealot x4  
  142  10:58  Probe  
  142  11:01  Zealot  
  133  11:07  Zealot x3  
  133  11:10  Observer (Chrono Boost)  
  116  11:14  Zealot x4  
  116  11:24  Stalker  
  94  11:30  High Templar x2  
  94  11:31  Probe  
  89  11:35  Archon  
  89  11:36  Stalker x2  
Show
View Real Time Build Order
Export as new Build Order

DnS Protoss - Winner!

Build Orders: Oracle Opening 

Get SALT Encoding   

  12  0:00  Probe  
  13  0:12  Probe  
  14  0:17  Pylon  
  14  0:24  Probe (Chrono Boost)  
  15  0:36  Probe (Chrono Boost)  
  15  0:38  Gateway  
  16  0:45  Probe (Chrono Boost)  
  16  0:47  Assimilator  
  17  0:51  Probe  
  18  1:03  Probe (Chrono Boost)  
  19  1:11  Pylon  
  19  1:12  Assimilator  
  19  1:15  Probe (Chrono Boost)  
  20  1:23  Probe (Chrono Boost)  
  21  1:26  Cybernetics Core  
  21  1:29  Probe  
  21  1:32  Zealot  
  24  1:41  Probe  
  25  1:53  Probe  
  26  2:05  Stargate  
  26  2:07  Probe  
  27  2:08  Adept  
  29  2:19  Warp Gate  
  29  2:27  Probe  
  30  2:30  Pylon  
  29  2:44  Nexus  
  29  2:48  Oracle (Chrono Boost)  
  32  2:55  Stalker  
  34  2:58  Probe  
  35  3:09  Shield Battery  
  35  3:12  Probe  
  36  3:22  Oracle (Chrono Boost)  
  36  3:24  Probe  
  36  3:26  Pylon  
  38  3:36  Probe  
  38  3:39  Twilight Council  
  39  3:50  Probe (Chrono Boost), Gateway  
  40  3:57  Probe (Chrono Boost)  
  42  4:06  Probe (Chrono Boost), Gateway  
  42  4:07  Probe (Chrono Boost)  
  43  4:12  Probe  
  43  4:13  Probe  
  43  4:15  Blink (Chrono Boost)  
  42  4:25  Probe x2  
  42  4:28  Stalker  
  44  4:36  Gateway  
  44  4:37  Probe x2  
  46  4:44  Assimilator  
  46  4:49  Probe  
  46  4:51  Robotics Facility  
  47  4:56  Probe  
  47  4:59  Stalker x2  
  52  5:01  Probe  
  52  5:06  Stalker  
  55  5:08  Probe  
  55  5:12  Pylon  
  55  5:14  Probe  
  57  5:25  Nexus  
  57  5:26  Probe x2  
  59  5:32  Stalker  
  61  5:37  Stalker  
  61  5:38  Stalker  
  61  5:39  Observer, Probe  
  61  5:41  Probe  
  68  5:49  Stalker  
  70  5:52  Shield Battery, Pylon  
  70  6:03  Pylon  
  70  6:10  Probe x2  
  72  6:11  Stalker  
  72  6:12  Stalker  
  72  6:16  Stalker  
  78  6:18  Charge  
  78  6:22  Probe  
  78  6:25  Probe, Stalker  
  80  6:28  Forge  
  82  6:34  Probe  
  82  6:37  Probe  
  84  6:53  Probe, Stalker x4  
  89  6:54  Probe  
  89  6:55  Probe  
  91  7:05  Probe  
  91  7:06  Probe  
  91  7:07  Probe  
  88  7:13  Protoss Ground Weapons Level 1 (Chrono Boost)  
  88  7:16  Observer, Stalker x4  
  88  7:17  Probe  
  88  7:21  Probe  
  98  7:26  Pylon  
  98  7:27  Pylon  
  98  7:31  Gateway  
  98  7:32  Gateway  
  98  7:35  Gateway x2  
  98  7:42  Assimilator  
  97  7:45  Pylon  
  97  7:48  Stalker x3  
  97  7:49  Stalker  
  105  7:52  Observer  
  105  7:56  Nexus  
  105  7:58  Pylon  
  106  8:02  Pylon  
  106  8:05  Probe x3  
  109  8:13  Warp Prism  
  111  8:22  Stalker x4  
  119  8:27  Zealot x2  
  123  8:34  Zealot x2  
  123  8:36  Photon Cannon  
  123  8:38  Photon Cannon, Probe  
  123  8:39  Probe, Pylon  
  129  8:44  Observer, Pylon  
  129  8:47  Stalker x2  
  133  8:55  Protoss Ground Weapons Level 2 (Chrono Boost)  
  134  9:08  Observer  
  135  9:13  Zealot x8  
  151  9:20  Gateway x2  
  151  9:31  Probe x2  
  144  9:39  Zealot x7  
  144  9:40  Zealot  
  144  9:43  Dark Shrine  
  159  9:53  Observer  
  159  10:01  Gateway x2  
  159  10:02  Photon Cannon  
  159  10:07  Shield Battery  
  159  10:08  Stalker x6  
  171  10:14  Pylon  
  171  10:16  Pylon  
  171  10:17  Pylon  
  147  10:33  Zealot x8  
  147  10:34  Zealot x2  
  151  10:45  Nexus  
  141  11:03  Stalker x11  
  154  11:04  Zealot  
  136  11:21  Pylon  
  116  11:26  Zealot x6  
  116  11:27  Zealot x6  
  116  11:29  Probe x2  
  116  11:30  Probe x2  
  132  11:40  Photon Cannon  
Tags
 
Add a new tag
Caveats
  • Supply blocks, unpowered buildings, or Contaminate may cause inaccurate times.
  • Supply counts are checked every 10 seconds.